 Dungeon Crawl Stone Soup version 0.30-a0-743-gbfdf073431 (webtiles) character file.

Game seed: 12099846115145035387

192 a11behringer the Conjurer (level 5, -3/28 (32) HPs)
             Began as a Tengu Reaver on Feb 7, 2023.
             Slain by a worm (8 damage)
             ... on level 3 of the Dungeon.
             The game lasted 00:08:36 (2275 turns).

a11behringer the Conjurer (Tengu Reaver)            Turns: 2275, Time: 00:08:37

HP:   -3/28 (32)    AC:  4    Str: 12    XL:     5   Next: 71%
MP:   10/10         EV: 14    Int: 15    God:
Gold: 86            SH:  0    Dex: 13    Spells: 3/9 levels left

rFire   . . .      SeeInvis .    a - +0 falchion
rCold   . . .      Faith    .    (no shield)
rNeg    . . .      Spirit   .    b - +0 leather armour
rPois   .          Reflect  .    (helmet restricted)
rElec   .          Harm     .    m - +0 cloak
rCorr   .          Rampage  .    (no gloves)
Will    .....                    (boots unavailable)
Stlth   +                        (no amulet)
HPRegen 0.24/turn                (no ring)
MPRegen 0.12/turn                (no ring)

@: flying quickly and evasively, heavily drained, quick
A: beak, talons 3, nimble flight
a: no special abilities


You were on level 3 of the Dungeon.
You visited 1 branch of the dungeon, and saw 3 of its levels.

You collected 86 gold pieces.

Inventory:

Hand Weapons
 a - a +0 falchion (weapon)
 j - a +0 dagger of electrocution
 l - a +0 short sword
Armour
 b - a +0 leather armour (worn)
 m - a +0 cloak (worn)
Magical Staves
 i - a staff of air
Scrolls
 e - 2 scrolls of teleportation {unknown}
 h - 2 scrolls of identify {unknown}
 o - a scroll of enchant weapon {unknown}
Potions
 c - 2 potions of curing {unknown}
 d - a potion of degeneration {unknown}
 f - 2 potions of brilliance {unknown}
 g - 4 potions of lignification {unknown}
 k - a potion of might {unknown}
 n - a potion of attraction {unknown}
 p - a potion of heal wounds {unknown}


   Skills:
 + Level 2.8 Fighting
 * Level 4.6 Long Blades
 + Level 0.9 Armour
 + Level 3.1 Dodging
 + Level 0.8 Stealth
 + Level 2.7 Spellcasting
 + Level 4.8 Conjurations
 + Level 0.7 Air Magic


You had 3 spell levels left.
You knew the following spells:

 Your Spells              Type           Power      Damage    Failure   Level
a - Kiss of Death         Conj/Necr      36%        2d8       10%         1
b - Momentum Strike       Conj/Tloc      18%        3d8       16%         2
c - Hailstorm             Conj/Ice       9%         3d4       30%         3

Your spell library contained the following spells:

 Spells                   Type           Power      Damage    Failure   Level
 Ensorcelled Hibernation  Hex/Ice        4%         N/A       36%         2
 Passwall                 Tmut/Erth      1%         N/A       36%         2
 Swiftness                Air            4%         N/A       50%         3


Dungeon Overview and Level Annotations

Branches:
Dungeon (3/15)

Altars:


Innate Abilities, Weirdness & Mutations

You have a beak for a mouth.
You have claws for feet.
Your magical nature lets you fly swiftly and evasively.


Message History

You reach down and open the door.
An orc wizard and a worm come into view.
The orc wizard shouts!
Found five items.
There is an open door here.
You barely miss the worm. You barely miss the orc wizard.
Your kick misses the orc wizard.
The orc wizard hits you with a +0 dagger.
The worm bites you!
You hit the orc wizard. You claw the orc wizard.
The orc wizard is heavily wounded.
The orc wizard points at you and mumbles some strange words.
The puff of flame misses you. The worm barely misses you.
You hit the orc wizard.
The orc wizard is severely wounded.
The orc wizard hits you but does no damage.
You closely miss the orc wizard. Your kick misses the orc wizard.
The orc wizard is severely wounded.
The orc wizard barely misses you. The worm bites you.
You are too injured to fight recklessly!
You are too injured to fight recklessly!
You are too injured to fight recklessly!
You are too injured to fight recklessly!
You are too injured to fight recklessly!
You are too injured to fight recklessly!
You closely miss the orc wizard. Your kick misses the orc wizard.
The orc wizard is severely wounded.
The orc wizard hits you with a +0 dagger.
The orc wizard hits you but does no damage.
The worm misses you.
You hit the orc wizard.
You kill the orc wizard!
You slash the worm!
The worm is heavily wounded.
The worm bites you.
* * * LOW HITPOINT WARNING * * *
You hit the worm. You claw the worm, but do no damage.
The worm is heavily wounded.
The worm bites you!
You die...

#####################
#$!#..)#...#.......†....
#[?...w@...)....##..#...
#?$#...#...#.##.....#.#.
##+######.....##...#.
.............
###########... #.## #.#
#.#


You could see a worm.

Vanquished Creatures
  Terence (D:2)
  An orc wizard (D:3)
  Robin (D:3)
  4 adders
  A shadow imp (D:3)
  A worm (D:3)
  A dart slug (D:1)
  An orc (D:3)
  5 bats
  7 endoplasms
  3 giant cockroaches
  14 goblins
  12 hobgoblins
  5 kobolds
  4 quokkas
  5 ball pythons
  4 frilled lizards
  6 rats
76 creatures vanquished.

Notes
Turn   | Place    | Note
-------+----------+-------------------------------------------
     0 | D:1      | a11behringer the Tengu Reaver began the quest for the Orb.
     0 | D:1      | Reached XP level 1. HP: 12/12 MP: 4/4
    33 | D:1      | Found a faded altar of an unknown god.
   176 | D:1      | Reached XP level 2. HP: 16/17 MP: 6/6
   557 | D:1      | Reached XP level 3. HP: 19/21 MP: 7/7
  1024 | D:2      | Noticed Terence
  1032 | D:2      | Killed Terence
  1033 | D:2      | Reached XP level 4. HP: 13/26 MP: 6/8
  1147 | D:2      | Learned a level 2 spell: Momentum Strike
  1498 | D:2      | Learned a level 3 spell: Hailstorm
  1749 | D:3      | Noticed Robin
  1912 | D:3      | Killed Robin
  1913 | D:3      | Gained mutation: Your magical nature lets you fly swiftly
                  | and evasively. [Tengu growth]
  1913 | D:3      | Reached XP level 5. HP: 8/19 MP: 7/9
  2275 | D:3      | Slain by a worm

Illustrated notes

Levels and vault maps discovered:
D:1:      dpeg_arrival_prison, layout_loops_cross,
          hellmonk_ecumenical_altar_pennies_from_heaven
D:2:      layout_basic, minmay_tetromino_i4, uniq_terence
D:3:      minmay_thinvault, layout_basic, gammafunk_temple_overflow_elements,
          hangedman_decor_clover_reticule, pf_guarded_unrand_delatra, uniq_robin

Skill      XL: |  1  2  3  4 |
---------------+-------------+-----
Long Blades    | 4 |  4.6
Dodging        | 3 |  3.1
Fighting       | |  2.8
Armour         | |  0.9
Stealth        | |  0.8
Spellcasting   | |  2.7
Conjurations   | |  4.8
Air Magic      | |  0.7

Action                     |  1- 3 |  4- 6 || total
---------------------------+-------+-------++-------
  Melee: Falchion          |    67 |   122 ||   189
         Kick              |    16 |    30 ||    46
         Punch             |     1 |       ||     1
         Peck              |     5 |     8 ||    13
   Cast: Kiss of Death     |     1 |     4 ||     5
         Momentum Strike   |       |     1 ||     1
   Stab: Sleeping          |     1 |       ||     1
 Armour: Leather armour    |    19 |    45 ||    64
  Dodge: Dodged            |    44 |   104 ||   148

Table legend: (Time is in decaauts)
 A = Elapsed time spent in this place.
 B = Non-inter-level travel time spent in this place.
 C = Inter-level travel time spent in this place.
 D = Time resting spent in this place.
 E = Time spent auto-exploring this place.
 F = Levels seen in this place.
 G = Mean time per level.
                   A        B        C        D        E       F      G
               +--------+--------+--------+--------+--------+-----+--------+
         Total |   2280 |   2099 |    181 |      0 |   1654 |   3 |  760.0 |
       Dungeon |   2280 |   2099 |    181 |      0 |   1654 |   3 |  760.0 |
               +--------+--------+--------+--------+--------+-----+--------+

Top non-repeatable levels by time:
     D:2: 979 daAuts
     D:1: 879 daAuts
     D:3: 421 daAuts
